AoeStats
← Shopping bag

Arena

506013619Analyzed
1v1 RM · 19d ago on Sep 12, 2026· 57m 34s· 2 players
Game mode
Random Map
Map size
Tiny (2 player)
Population
200
Speed
Normal
Resources
Standard
Victory
Conquest
Starting age
Dark Age
Ending age
Imperial Age
RankedLock teamsTeams togetherTeam positionsShared explorationLock speedFull tech treeHidden civsTurbo modeCheats
Victory
Defeat
🇦🇺 Lithuanians · Australia
903
+16
🇨🇦 Italians · Canada
897
-16
Prince_of_Persia
12:04 Feudal Age
15:52 Castle Age
13:34 Horse Collar
13:42 Double-Bit Axe
14:26 Fletching
16:28 Forging
16:22 Padded Archer Armor
17:03 Bow Saw
16:57 Stone Mining
19:19 Bodkin Arrow
21:08 Gold Mining
21:43 Heavy Plow
22:26 Loom
24:48 Leather Archer Armor
24:56 Town Watch
25:47 Wheelbarrow
31:06 Imperial Age
28:42 Scale Mail Armor
31:33 Stone Shaft Mining
31:44 Squires
32:12 Conscription
32:35 Iron Casting
34:41 Chemistry
35:31 Chain Mail Armor
36:17 Blast Furnace
36:45 Bracer
39:26 Hoardings
42:16 Blast Furnace
41:49 Plate Mail Armor
47:13 Ring Archer Armor
Shopping bag
5:06 Loom
10:58 Feudal Age
14:35 Castle Age
12:24 Horse Collar
12:45 Double-Bit Axe
16:13 Fervor
19:12 Wheelbarrow
20:52 Hand Cart
22:40 Fletching
22:43 Elite Skirmisher
24:26 Town Watch
25:14 Bow Saw
28:50 Town Patrol
29:13 Heavy Plow
33:08 Imperial Age
32:23 Ballistics
32:03 Bodkin Arrow
32:09 Padded Archer Armor
33:37 Thumb Ring
34:04 Bracer
35:11 Two-Man Saw
35:39 Gold Mining
36:25 Scale Barding Armor
37:26 Chain Barding Armor
40:18 Plate Barding Armor
39:54 Forging
40:51 Chemistry
40:54 Crop Rotation
40:19 Elite Leitis
45:45 Leather Archer Armor
46:05 Iron Casting
50:02 Hoardings
52:09 Ring Archer Armor
Connection lost

Rejoining the realm…

Still unreachable

The connection could not be restored.

Session expired

The server has moved on; the page needs a fresh start.